 Dungeon Crawl Stone Soup version 0.22-a0-162-g33bf1272b0 (webtiles) character file.

202 RedPan the Ruffian (level 5, -7/40 HPs)
             Began as a Draconian Transmuter on Feb 12, 2018.
             Mangled by Crazy Yiuf
             ... wielding a +2 quarterstaff of chaos
              (15 damage)
             ... on level 2 of the Dungeon.
             The game lasted 00:04:46 (2294 turns).

RedPan the Ruffian (Draconian Transmuter)           Turns: 2294, Time: 00:04:46

Health: -7/40      AC:  9    Str: 13    XL:     5   Next: 50%
Magic:  6/8        EV: 12    Int: 13    God:
Gold:   88         SH:  0    Dex: 12    Spells: 5/8 levels left

rFire    . . .     SeeInvis .     - Unarmed
rCold    . . .     Gourm    .   (no shield)
rNeg     . . .     Faith    .   (armour unavailable)
rPois    .         Spirit   .   (helmet restricted)
rElec    .         Reflect  .   l - +0 cloak
rCorr    .         Harm     .   (no gloves)
MR       .....                  k - +2 pair of boots
Stlth    +.........             (no amulet)
HPRegen  0.13/turn              (no ring)
MPRegen  0.11/turn              (no ring)

@: appendage (expiring)
A: unfitting armour, horns 2, cold-blooded, AC +5
a: End Transformation


You were on level 2 of the Dungeon.
You were hungry.
You had grown temporary horns.
You visited 1 branch of the dungeon, and saw 2 of its levels.

You collected 88 gold pieces.

Inventory:

Missiles
 a - 38 arrows
Armour
 k - a +2 pair of boots (worn)
 l - a +0 cloak (worn)
Jewellery
 m - an uncursed amulet of faith
Scrolls
 g - 2 scrolls of remove curse {unknown}
 j - a scroll of noise {unknown}
 n - a scroll of fear {unknown}
Potions
 d - a potion of brilliance {unknown}
 e - 5 potions of curing {unknown}
 f - a potion of heal wounds {unknown}
 h - a potion of magic {unknown}
Books
 b - a book of Changes

   Spells                             Type                      Level
   a - Beastly Appendage              Transmutation                1
   b - Sticks to Snakes               Transmutation                2
   c - Spider Form                    Transmutation/Poison         3
   d - Ice Form                       Ice/Transmutation            4
   e - Blade Hands                    Transmutation                5
Comestibles
 c - 6 rations
 i - 2 chunks of flesh


   Skills:
 - Level 1.1 Fighting
 - Level 1.7 Dodging
 + Level 4.9 Unarmed Combat
 - Level 2.0 Spellcasting
 + Level 4.3 Transmutations


You had 5 spell levels left.
You knew the following spells:

 Your Spells              Type           Power        Failure   Level  Hunger
a - Beastly Appendage     Tmut           ##....       4%          1    ##.....
b - Sticks to Snakes      Tmut           ##......     6%          2    ###....


Dungeon Overview and Level Annotations

Branches:
Dungeon (2/15)

Altars:

Annotations:
D:2 Crazy Yiuf


Innate Abilities, Weirdness & Mutations

Your plain brown scales are hard. (AC +5)
You cannot fit into any form of body armour.
You are cold-blooded and may be slowed by cold attacks.
You have a pair of horns on your head.


Message History

Natasha is almost dead.
Your adder bites Natasha.
Natasha dies!
You feel Natasha's spirit has finally been put to rest.
Your adder looks stronger.
Crazy Yiuf says, "Goldfish!"
You hit Crazy Yiuf. Your headbutt misses Crazy Yiuf.
Crazy Yiuf is moderately wounded.
Your adder barely misses Crazy Yiuf.
Crazy Yiuf hits you but does no damage.
You are electrocuted!
You hit Crazy Yiuf.
Crazy Yiuf is heavily wounded.
Your transformation is almost over.
You are feeling hungry.
Your adder bites Crazy Yiuf.
Crazy Yiuf glowers.
Crazy Yiuf hits you with a quarterstaff of chaos!
* * * LOW HITPOINT WARNING * * *
You are electrocuted!
You die...

#.#...##...........#.###..#.)..#
#.##...#.##.#.....##.# ##......#
#.##.#...##.####...#.# ###....##
#.##.#.###### ####### ###......
#.##.#...# #........ #.##...#.#
##....... #.##(.##.# ###
♣♣##........ #.##..##.# #)..#♣♣
♣♣..........) ......##.#
#...g@♣♣♣♣......######
....#.##.# #..S#♣..♣......##
##.. ......##.# ### ♣♣♣.♣....##
#..# ......##.# ♣♣♣♣♣### #.##
.........# ######.##
.........#### #######......##
.....###....# #........######
....## ###..# #........# #
.....# #### #........# #


You could see Crazy Yiuf and a friendly adder.

Vanquished Creatures
  Terence (D:2)
  Natasha (twice) (D:2)
  5 adders (D:2)
  2 dart slugs (D:2)
  A leopard gecko (D:1)
  3 giant cockroaches (D:2)
  8 goblins
  6 hobgoblins
  10 jackals
  A quokka (D:2)
  6 bats
  7 kobolds
  5 rats
57 creatures vanquished.

Vanquished Creatures (collateral kills)
  Natasha (D:2)
1 creature vanquished.

Grand Total: 58 creatures vanquished

Notes
Turn   | Place    | Note
-------+----------+-------------------------------------------
     0 | D:1      | RedPan the Draconian Transmuter began the quest for the Orb.
     0 | D:1      | Reached XP level 1. HP: 16/16 MP: 3/3
   136 | D:1      | Reached XP level 2. HP: 6/23 MP: 3/5
  1249 | D:2      | Reached XP level 3. HP: 27/28 MP: 4/6
  1535 | D:2      | Noticed Terence
  1548 | D:2      | Killed Terence
  1548 | D:2      | Reached XP level 4. HP: 23/35 MP: 5/7
  1692 | D:2      | Learned a level 2 spell: Sticks to Snakes
  1765 | D:2      | Noticed Natasha
  1779 | D:2      | Killed Natasha
  1952 | D:2      | Reached XP level 5. HP: 40/40 MP: 6/8
  2001 | D:2      | Noticed Natasha
  2008 | D:2      | Killed Natasha
  2019 | D:2      | Found a runed door.
  2282 | D:2      | Noticed Natasha
  2282 | D:2      | Noticed Crazy Yiuf
  2292 | D:2      | Killed Natasha
  2294 | D:2      | Mangled by Crazy Yiuf

Vault maps used:
D:1:      elethiomel_arrival_infinity_welcomes_careful_drivers, serial_forest,
          infiniplex_forest_straight_2, infiniplex_forest_lined_2,
          infiniplex_forest_zigzag_2, infiniplex_forest_straight_3,
          infiniplex_forest_pool, infiniplex_forest_lined_ring,
          infiniplex_forest_lined_ring, infiniplex_forest_straight_3,
          grunt_decor_fettered, minmay_tetromino_t2
D:2:      minmay_split_cup_large, uniq_crazy_yiuf_cottage, uniq_terence,
          uniq_natasha

Skill      XL: |  1  2  3  4  5 |
---------------+----------------+-----
Transmutations | 3 4 |  4.3
Unarmed Combat | 4 |  4.9
Fighting       | |  1.1
Dodging        | |  1.7
Spellcasting   | |  2.0

Action                   |  1- 3 |  4- 6 || total
-------------------------+-------+-------++-------
Melee: Unarmed           |   121 |    69 ||   190
       Tailslap          |    14 |     3 ||    17
       Kick              |     8 |       ||     8
       Headbutt          |     7 |     9 ||    16
       Punch             |       |     1 ||     1
 Cast: Beastly Appendage |    17 |    11 ||    28
       Sticks to Snakes  |       |     3 ||     3
 Stab: Sleeping          |     1 |       ||     1
  Eat: Chunk             |     2 |     3 ||     5
Armor: Skin              |    51 |    24 ||    75
Dodge: Dodged            |   101 |    43 ||   144

Table legend:
 A = Spawn XP
 B = Non-spawn XP
 C = Spawn XP percentage of total XP
 D = Spawn monster count
 E = Non-spawn monster count
 F = Spawn count percentage of total count
 G = Total turns spent on level
                    A         B        C        D         E        F      G
               +---------+---------+-------+---------+---------+-------+---------
         Total |       0 |     289 |   0.0 |       0 |      58 |   0.0 |  2294
               +---------+---------+-------+---------+---------+-------+---------
           D:1 |       0 |      32 |   0.0 |       0 |      18 |   0.0 |  1214
           D:2 |       0 |     257 |   0.0 |       0 |      40 |   0.0 |  1080
               +---------+---------+-------+---------+---------+-------+---------
